 Dungeon Crawl Stone Soup version 0.23-a0-4-g8f018a2 (webtiles) character file.

515638 Amnesiac the Warrior (level 24, -1/197 HPs)
             Began as a Mummy Hunter on July 31, 2018.
             Was the Champion of Okawaru.
             Killed from afar by an orb of fire (7 damage)
             ... with a bolt of fire
             ... on level 4 of the Realm of Zot on Aug 1, 2018.
             The game lasted 01:54:08 (54688 turns).

Amnesiac the Warrior (Mummy Hunter)                Turns: 54688, Time: 01:54:09

Health: -1/197     AC: 29    Str: 22 (24) XL:     24   Next: 0%
Magic:  0/29       EV: 18    Int: 16 (18) God:    Okawaru [******]
Gold:   1988       SH: 17    Dex: 15 (17) Spells: 23/29 levels left

rFire    + + +     SeeInvis +   b - +11 demon blade "Yppa" {venom, rC+ SInv}
rCold    + + +     Gourm    .   Q - +3 shield
rNeg     + + +     Faith    .   U - +0 gold dragon scales
rPois    ∞         Spirit   +   L - +2 helmet {SInv}
rElec    .         Reflect  .   y - scarf {repulsion}
rCorr    +         Harm     .   O - +0 pair of fencer's gloves {+Riposte Dex+3}
MR       +++++     NoTele   +   R - +2 pair of boots of the Guilds {rPois Int+7}
Stlth    ..........             B - amulet of guardian spirit
HPRegen  0.42/turn              p - ring of the Chupacabra {rCorr -Tele *Slow rF+++ MR+++}
MPRegen  0.21/turn              H - +6 ring of evasion

@: repel missiles
A: no food or potions, fire vulnerability, cold resistance 1, negative energy
resistance 3, torment resistance, unbreathing, in touch with death 1
}: 3/15 runes: serpentine, barnacled, abyssal
a: Heroism, Finesse, Renounce Religion


You were on level 4 of the Realm of Zot.
You worshipped Okawaru.
Okawaru was exalted by your worship.
You were not hungry.

You visited 8 branches of the dungeon, and saw 42 of its levels.
You visited the Abyss 2 times.
You visited 1 bazaar.
You also visited: Labyrinth, Trove, Ice Cave and Volcano.

You collected 4232 gold pieces.
You spent 2244 gold pieces at shops.

Inventory:

Hand Weapons
 a - a +4 fustibalus of freezing
 b - the +11 demon blade "Yppa" (weapon) {venom, rC+ SInv}
   (Okawaru gifted it to you on level 4 of the Snake Pit)

   It poisons the flesh of those it strikes.
   It protects you from cold.
   It lets you see invisible.
 w - a +0 blowgun
 D - a +2 demon blade
 M - a +9 fustibalus of venom
Missiles
 d - 343 sling bullets
 f - 861 stones (quivered)
 A - 3 throwing nets
Armour
 y - a scarf of repulsion (worn)
 L - a +2 helmet of see invisible (worn)
 O - the +0 pair of fencer's gloves (worn) {+Riposte Dex+3}
   (Okawaru gifted it to you on level 4 of the Realm of Zot)

   It affects your dexterity (+3).
 Q - a +3 shield (worn)
 R - the +2 pair of boots of the Guilds (worn) {rPois Int+7}
   (You found it on level 3 of the Realm of Zot)

   It affects your intelligence (+7).
   It protects you from poison.
 U - +0 gold dragon scales (worn)
Jewellery
 c - the ring of Asyaz {rElec rF+ MR+ Str+3}
   (You acquired it on level 1 of the Snake Pit)

   [ring of protection from magic]

   It affects your strength (+3).
   It protects you from fire.
   It insulates you from electricity.
   It affects your resistance to hostile enchantments.
 p - the ring of the Chupacabra (left hand) {rCorr -Tele *Slow rF+++ MR+++}
   (You acquired it on level 2 of the Snake Pit)

   [ring of resist corrosion]

   It renders you almost immune to fire.
   It affects your resistance to hostile enchantments.
   It prevents most forms of teleportation.
   It may slow you when you take damage.
 s - an uncursed ring of flight
 B - an amulet of guardian spirit (around neck)
 H - a +6 ring of evasion (right hand)
 P - an uncursed ring of resist corrosion
Wands
 o - a wand of disintegration (18)
 q - a wand of paralysis (53)
 r - a wand of iceblast (55)
 t - a wand of enslavement (16)
 v - a wand of digging (26)
 x - a wand of acid (40)
 N - a wand of polymorph (13)
Scrolls
 e - 23 scrolls of remove curse {!r}
 g - 8 scrolls of immolation {!r}
 h - 18 scrolls of identify {!r}
 i - 6 scrolls of fog {!r}
 j - 9 scrolls of noise {!r}
 m - 13 scrolls of teleportation {!r}
 n - 3 scrolls of magic mapping {!r}
 u - 10 scrolls of fear {!r}
 C - 3 scrolls of amnesia {!r}
 F - 4 scrolls of blinking {!r}
 I - 2 scrolls of vulnerability {!r}
 J - a scroll of torment {!r}
 K - a scroll of silence {!r}
Miscellaneous
 l - 2 sacks of spiders
 E - a lightning rod (4/4)
 T - 3 phantom mirrors


   Skills:
 + Level 17.7 Fighting
 - Level 14.0 Long Blades
 - Level 14.0 Slings
 + Level 15.1 Armour
 + Level 15.1 Dodging
 - Level 0.7 Stealth
 - Level 15.0 Shields
 - Level 3.0 Spellcasting
 - Level 3.0 Hexes
 - Level 3.0 Charms
 - Level 8.0 Invocations
 - Level 8.0 Evocations


You had 23 spell levels left.
You knew the following spells:

 Your Spells              Type           Power        Failure   Level  Hunger
a - Apportation           Tloc           #.....       100%        1    N/A
b - Passwall              Tmut/Erth      #.......     100%        2    N/A
w - Spectral Weapon       Hex/Chrm       ##......     99%         3    N/A

Your spell library contained the following spells:

 Spells                   Type           Power        Failure   Level  Hunger
 Cause Fear               Hex            ##........   100%        4    N/A
 Magic Dart               Conj           #...         100%        1    N/A
 Conjure Flame            Conj/Fire      #.......     100%        3    N/A
 Bolt of Magma            Conj/Fire/Erth #.........   100%        5    N/A
 Slow                     Hex            ##......     97%         2    N/A
 Confuse                  Hex            ##......     99%         3    N/A
 Invisibility             Hex            ##......     100%        6    N/A
 Throw Frost              Conj/Ice       #.....       100%        2    N/A
 Freezing Cloud           Conj/Ice/Air   #.........   100%        6    N/A
 Mephitic Cloud           Conj/Pois/Air  #.......     100%        3    N/A
 Ring of Flames           Chrm/Fire      #.........   100%        7    N/A
 Summon Small Mammal      Summ           #...         100%        1    N/A
 Lehudib's Crystal Spear  Conj/Erth      #.........   100%        8    N/A
 Fire Storm               Conj/Fire      #.........   100%        9    N/A
 Iskenderun's Mystic Bla  Conj           #.......     100%        4    N/A
 Pain                     Necr           #...         100%        1    N/A
 Animate Skeleton         Necr           N/A          100%        1    N/A
 Freeze                   Ice            #...         100%        1    N/A
 Summon Ice Beast         Ice/Summ       #.......     100%        4    N/A
 Ozocubu's Armour         Chrm/Ice       #.......     100%        3    N/A
 Poison Arrow             Conj/Pois      #.........   100%        6    N/A
 Regeneration             Chrm/Necr      ##........   100%        3    N/A
 Sting                    Conj/Pois      #...         100%        1    N/A
 Tukima's Dance           Hex            ##......     99%         3    N/A
 Summon Demon             Summ           #.........   100%        5    N/A
 Iron Shot                Conj/Erth      #.........   100%        6    N/A
 Swiftness                Chrm/Air       #.......     99%         2    N/A
 Recall                   Summ/Tloc      N/A          100%        3    N/A
 Statue Form              Tmut/Erth      #........    100%        6    N/A
 Deflect Missiles         Chrm/Air       #.........   100%        6    N/A
 Throw Icicle             Conj/Ice       #.......     100%        4    N/A
 Glaciate                 Conj/Ice       #.........   100%        9    N/A
 Shadow Creatures         Summ           N/A          100%        6    N/A
 Confusing Touch          Hex            ##....       90%         1    N/A
 Flame Tongue             Conj/Fire      #....        100%        1    N/A
 Ensorcelled Hibernation  Hex/Ice        #.....       99%         2    N/A
 Metabolic Englaciation   Hex/Ice        #.........   100%        5    N/A
 Silence                  Hex/Air        #.........   100%        5    N/A
 Shatter                  Erth           #.........   100%        9    N/A
 Corona                   Hex            ##.....      90%         1    N/A
 Lee's Rapid Deconstruct  Erth           #.........   100%        5    N/A
 Conjure Ball Lightning   Conj/Air       #.........   100%        6    N/A
 Chain Lightning          Conj/Air       #.........   100%        8    N/A
 Portal Projectile        Hex/Tloc       #.....       100%        3    N/A
 Petrify                  Tmut/Erth      #.......     100%        4    N/A
 Passage of Golubria      Tloc           N/A          100%        4    N/A
 Tornado                  Air            #.........   100%        9    N/A
 Leda's Liquefaction      Hex/Erth       #.........   100%        4    N/A
 Darkness                 Hex            ##........   100%        6    N/A
 Shroud of Golubria       Chrm/Tloc      #.........   99%         2    N/A
 Inner Flame              Hex/Fire       #.......     100%        3    N/A
 Aura of Abjuration       Summ           #.........   100%        5    N/A
 Fulminant Prism          Conj/Hex       #.........   100%        4    N/A
 Dazzling Spray           Conj/Hex       #.....       100%        3    N/A
 Force Lance              Conj/Tloc      #.......     100%        4    N/A
 Infusion                 Chrm           ##..         90%         1    N/A
 Song of Slaying          Chrm           ##......     97%         2    N/A
 Searing Ray              Conj           #.....       100%        2    N/A
 Summon Forest            Summ/Tloc      #.........   100%        5    N/A
 Summon Lightning Spire   Summ/Air       #.......     100%        4    N/A
 Summon Mana Viper        Hex/Summ       #.......     100%        5    N/A
 Gell's Gravitas          Tloc           #.........   100%        3    N/A
 Yara's Violent Unravell  Hex/Tmut       #.........   100%        5    N/A
 Poisonous Vapours        Pois/Air       #.....       100%        2    N/A

Dungeon Overview and Level Annotations

Branches:
Dungeon (15/15)            Temple (0/1) D:6            Lair (6/6) D:9
 Shoals (4/4) Lair:4        Snake (4/4) Lair:4        Slime (0/5) Lair:6
    Orc (2/2) D:11            Elf (1/3) Orc:2        Vaults (0/5) D:14
 Depths (5/5) D:15            Zot (5/5) Depths:5

Altars:
Ashenzari
Elyvilon
Gozag
Nemelex Xobeh
Okawaru
Ru
Trog
The Shining One
Lugonu

Shops:
D:4 *[   D:5 %   D:6 :   D:10 *   Orc:2 (}?%?   Shoals:2 **(!   Depths:1 ((*
Depths:5 ?!**

Portals:
Hell: Depths:1 Depths:2 Depths:4 Depths:5
Abyss: Depths:2 Depths:4 Depths:5
Pandemonium: Orc:2 Depths:3 Depths:4
Ziggurat: Depths:1

Annotations:
Lair:4 Rupert
Elf:1 Donald
Zot:5 1 exclusion


Innate Abilities, Weirdness & Mutations

You do not eat or drink.
Your flesh is vulnerable to fire.
You are immune to poison.
Your flesh is cold resistant. (rC+)
You are immune to negative energy. (rN+++)
You are immune to unholy pain and torment.
You can survive without breathing.
You are in touch with the powers of death.


Message History

Okawaru accepts your kill.
You have reached level 24!
Your experience leads to an increase in your attributes!
Your base attributes are Str 23, Int 11, Dex 14.
Increase (S)trength, (I)ntelligence, or (D)exterity?
You feel stronger.
The purple draconian breathes dispelling energy at you.
The bolt of dispelling energy hits you!
You feel strangely stable.
* * * LOW HITPOINT WARNING * * *
The orb of fire glows deep purple.
Strange energies course through your body.
Your body decomposes!
You feel weakened.
Really read
i - 9 scrolls of fog {!r}?
As you read the scroll of fog {!r}, it crumbles to dust.
The scroll dissolves into smoke.
Put on which piece of jewellery? (? for menu, Esc to quit)
Okay, then.
Put on which piece of jewellery? (? for menu, Esc to quit)
You're wearing all the rings you can.
Remove which one? (? for menu, Esc to cancel) < or
c - the ring of Asyaz {rElec rF+ MR+ Str+3} > or
H - a +6 ring of evasion You remove the ring of Asyaz {rElec rF+ MR+ Str+3}.
p - the ring of the Chupacabra (left hand) {rCorr -Tele *Slow rF+++ MR+++}
There is a stone staircase leading down here.
Okay, then.
The orb of fire glows bright magenta.
The bolt of fire misses you.
Really read
m - 13 scrolls of teleportation {!r}?
You cannot teleport because you are wearing the ring of the Chupacabra {rCorr -Tele *Slow rF+++ MR+++}.
Unknown command.
Unknown command.
Okay, then.
Okay, then.
Wield which item (- for none, * to show all)? (? for menu, Esc to quit)
Okay, then.
Okay, then.
Really read
i - 8 scrolls of fog {!r}?
As you read the scroll of fog {!r}, it crumbles to dust.
The scroll dissolves into smoke.
The orb of fire glows deep purple.
The fireball explodes!
The fireball engulfs you! You resist.
* * * LOW HITPOINT WARNING * * *
The fireball engulfs the orb of fire.
The orb of fire completely resists.
The orb of fire glows bright magenta.
Strange energies course through your body.
Your body decomposes!
You feel weakened.
The orb of fire glows yellow.
Strange energies course through your body.
Your body decomposes!
You feel clumsy.
The orb of fire emits a lurid red light.
Strange energies course through your body.
Your body decomposes!
You feel dopey.
Really read
i - 7 scrolls of fog {!r}?
As you read the scroll of fog {!r}, it crumbles to dust.
The scroll dissolves into smoke.
The orb of fire glows yellow.
The bolt of fire hits you! You resist.
You die...

#...# #.# #...#
##)#### #...# #)#
##...# #)# #######)#
#....# #)#
*###....#d#####....#
#)#
,.......†......<...#
#.#
,..................#
#.#
*......§§§§#...#§###
#.#
*......§§§§#####§#
#.# *......§§§## #@#
#.#
*.#######§######*#
#.# *,** #§§§§§§d§#
#.# ,,,****
#§§§§§§§.# #.#
,,,,,,* #§§§§§§§.#
#.# ,,,,,,*
#)######.# #.#
,,,,<,* #)# #.# #.#
,,,,,** #)# #.# #.#
,,**** #[# #.# #.#


You could see an orb of fire and a purple draconian.

Vanquished Creatures
  An orb of fire (Zot:1)
  A juggernaut (Depths:5)
  Sojobo (Depths:3)
  6 golden dragons
  Jory (Depths:4)
  the Enchantress (Depths:4)
  2 bone dragons (Depths:5)
  2 electric golems (Zot:2)
  A hellephant (Abyss:4)
  11 tentacled monstrosities
  5 quicksilver dragons
  Asterion (Depths:1)
  4 Orb Guardians (Zot:5)
  A kraken (Shoals:2)
  2 liches
  6 death cobs
  Kirke (D:12)
  9 storm dragons
  2 sphinxes
  Polyphemus (Shoals:4)
  6 shadow dragons
  5 draconian monks
  4 tengu reavers
  Roxanne (Shoals:1)
  Ilsuiw (Shoals:3)
  10 nagarajas
  An iron dragon (Depths:4)
  5 fire giants
  3 frost giants
  6 draconian knights
  4 ghost moths
  A deep elf sorcerer (Abyss:4)
  2 balrugs
  6 draconian shifters
  10 draconian scorchers
  The ghost of Seukawalui the Eclecticist, an adept DEWz of Sif Muna (Shoals:1)
  2 draconian stormcallers
  7 draconian annihilators
  4 spriggan defenders (Depths:4)
  A war gargoyle (Depths:3)
  4 vampire knights (Depths:4)
  20 very ugly things
  6 green draconians
  9 stone giants
  A minotaur (Lab)
  9 yellow draconians
  11 black draconians
  11 red draconians
  10 spark wasps
  7 white draconians
  13 purple draconians
  4 crystal guardians (Depths:1)
  An eidolon (Depths:3)
  2 merfolk javelineers
  5 ettins
  3 jiangshi (Depths:2)
  13 merfolk impalers
  Fannar (Lair:2)
  3 great orbs of eyes
  A green death (Abyss:4)
  2 yaktaur captains
  4 ice dragons
  7 fire dragons
  4 rakshasas
  19 naga warriors
  Harold (D:9)
  7 hydras
  7 spriggan air magi
  3 centaur warriors
  4 ogre magi
  A two-headed ogre (shapeshifter) (Depths:1)
  A death knight (D:14)
  3 merfolk avatars (Shoals:2)
  17 anacondas
  4 dancing weapons
  2 alligator snapping turtles (Shoals:3)
  5 catoblepae
  5 satyrs
  9 merfolk aquamancers
  5 deep troll shamans
  16 two-headed ogres
  3 thrashing horrors
  12 death yaks
  8 deep troll earth magi
  3 tengu warriors
  4 vampire magi
  17 naga sharpshooters
  2 titan zombies (Abyss:3)
  2 soul eaters
  8 orc high priests (Orc:2)
  3 spriggan berserkers
  5 shock serpents
  3 sun demons
  4 skeletal warriors
  12 shadow wraiths
  Sonja (Lair:6)
  A fire crab (Lair:6)
  7 hell knights (Depths:3)
  A fire crab (shapeshifter) (Depths:5)
  A spatial maelstrom (Abyss:3)
  3 salamander mystics
  2 sixfirhies
  5 wretched stars (Abyss:3)
  24 deep trolls
  2 unseen horrors
  9 large abominations
  A glowing orange brain (shapeshifter) (Depths:4)
  An infernal demonspawn (Orc:2)
  2 glowing orange brains (Depths:2)
  9 sea snakes
  A gelid demonspawn (Orc:2)
  A death drake (Depths:3)
  6 flayed ghosts (Depths:4)
  A torturous demonspawn (Orc:2)
  3 wizards
  2 orange crystal statues
  11 naga ritualists
  30 harpies
  3 necromancers
  2 lindwurms (Volcano)
  A tengu zombie (D:15)
  5 orc knights
  A shadow dragon zombie (Abyss:3)
  An orb spider (shapeshifter) (D:13)
  6 fauns
  A frost giant zombie (D:15)
  2 phantasmal warriors
  3 orc sorcerers (Orc:2)
  33 ugly things
  3 deep elf magi
  7 cyclopes
  15 salamanders
  17 manticores
  10 mana vipers
  A toenail golem (Volcano)
  5 merfolk sirens
  9 elephants
  An elephant (shapeshifter) (Depths:1)
  2 apocalypse crabs
  20 moths of wrath
  13 guardian serpents
  32 black mambas
  A black mamba (shapeshifter) (D:12)
  3 ice statues (IceCv)
  17 naga magi
  8 water nymphs
  7 spiny frogs
  2 molten gargoyles (Volcano)
  4 gargoyles
  2 orange demons (Depths:4)
  3 smoke demons
  18 yaktaurs
  4 rime drakes
  4 komodo dragons
  3 efreet
  4 freezing wraiths
  An ancient zyme (Abyss:4)
  A polar bear (Lair:4)
  A troll (shapeshifter) (Depths:4)
  3 hellwings (Orc:2)
  8 meliai
  19 merfolk
  2 tengu conjurers
  3 queen bees
  6 wind drakes
  4 trolls
  4 blink frogs (Lair:4)
  15 dream sheep
  16 hippogriffs
  8 raiju
  14 snapping turtles
  6 hornets
  A harpy skeleton (Abyss:3)
  9 slime creatures (Depths:1)
  A fire dragon skeleton (Abyss:3)
  9 shadows
  An ettin skeleton (D:15)
  A spriggan skeleton (D:15)
  8 spriggans
  10 wraiths
  An alligator skeleton (Abyss:3)
  A dire elephant simulacrum (Abyss:3)
  7 fire bats
  12 water elementals
  7 wyverns
  29 yaks
  6 fire elementals (Volcano)
  2 hungry ghosts
  2 basilisks
  2 hogs (D:12)
  A steam dragon (shapeshifter) (Depths:1)
  9 vampire mosquitoes (Depths:4)
  57 nagas
  7 water moccasins
  6 wargs
  6 hell hounds
  22 orc warriors
  9 porcupines
  11 ice beasts
  2 floating eyes (Depths:1)
  A hornet zombie (D:10)
  2 phantoms
  4 sky beasts
  13 ogres
  4 eyes of draining
  8 necrophages
  37 wolves
  A boggart (Depths:2)
  21 centaurs
  8 crocodiles
  3 big kobolds
  15 bullfrogs
  4 earth elementals
  A gnoll sergeant (D:8)
  4 small abominations
  A wyvern zombie (D:15)
  A spiny frog simulacrum (Abyss:4)
  A water moccasin zombie (D:5)
  4 scorpions
  A wyvern skeleton (D:10)
  53 killer bees
  14 wights
  An electric eel (Lair:5)
  10 howler monkeys
  10 crimson imps
  A bullfrog zombie (D:12)
  4 centaur zombies
  4 jellies
  2 quasits (D:10)
  9 hounds
  5 centaur skeletons
  31 orc priests
  2 bullfrog skeletons
  15 orc wizards
  Jessica (D:2)
  An iguana (D:8)
  11 worker ants
  2 hound skeletons
  A worker ant zombie (D:10)
  6 gnolls
  14 adders
  5 shadow imps
  A white imp (Depths:1)
  An ooze (D:7)
  2 adder zombies (D:7)
  7 worms
  5 dart slugs
  7 leopard geckos
  69 orcs
  13 bats
  A giant cockroach (D:1)
  9 goblins
  6 hobgoblins
  28 jackals
  8 quokkas
  A ball python (D:3)
  3 frilled lizards
  2 jackal skeletons
  A jackal zombie (D:6)
  21 kobolds
  A leopard gecko skeleton (D:5)
  14 rats
  2 fire vortices (Volcano)
  A plant (Lair:4)
  3 starspawn tentacles (Abyss:4)
  4 tentacles (Shoals:2)
  2 withered plants (D:15)
1780 creatures vanquished.

Vanquished Creatures (others)
  A draconian annihilator (Zot:4)
  A black draconian (Zot:3)
  An unseen horror (D:14)
  A guardian serpent (Snake:3)
  A merfolk (Shoals:2)
  2 humans (D:12)
  A killer bee (Abyss:3)
  11 fungi
  7 plants
  2 spectral weapons (Zot:4)
  7 starspawn tentacles (Abyss:4)
  12 tentacles (Shoals:2)
  A withered plant (D:15)
48 creatures vanquished.

Grand Total: 1828 creatures vanquished

Notes
Turn   | Place    | Note
-------+----------+-------------------------------------------
     0 | D:1      | Amnesiac the Mummy Hunter began the quest for the Orb.
     0 | D:1      | Reached XP level 1. HP: 16/16 MP: 1/1
   127 | D:1      | Reached XP level 2. HP: 22/22 MP: 2/2
   711 | D:1      | Reached XP level 3. HP: 28/28 MP: 3/3
  1029 | D:2      | Noticed Jessica
  1035 | D:2      | Killed Jessica
  1035 | D:2      | Reached XP level 4. HP: 29/34 MP: 4/4
  1042 | D:2      | Reached skill level 3 in Fighting
  1856 | D:3      | Reached XP level 5. HP: 34/41 MP: 5/5
  2019 | D:3      | Found a sparkling altar of Nemelex Xobeh.
  2028 | D:3      | Reached skill level 5 in Slings
  2386 | D:3      | Found a white marble altar of Elyvilon.
  2649 | D:4      | Found Viyh's General Store.
  3121 | D:4      | Bought a scroll of enchant armour for 75 gold pieces
  3121 | D:4      | Bought a scroll of identify for 20 gold pieces
  3154 | D:4      | Found an opulent altar of Gozag.
  3223 | D:4      | Reached XP level 6. HP: 39/48 MP: 6/6
  3254 | D:4      | Reached skill level 4 in Fighting
  3596 | D:4      | Found a glowing golden altar of the Shining One.
  3596 | D:4      | Found an iron altar of Okawaru.
  3603 | D:4      | Found Ezihair's Armour Boutique.
  3828 | D:5      | Entered Level 5 of the Dungeon
  3896 | D:5      | Found a shattered altar of Ashenzari.
  3922 | D:5      | Reached XP level 7. HP: 55/55 MP: 7/7
  4012 | D:5      | Found Uratwuic's Food Emporium.
  4137 | D:4      | Became a worshipper of Warmaster Okawaru
  4330 | D:5      | Reached skill level 5 in Fighting
  4391 | D:5      | Reached * piety under Okawaru
  4585 | D:5      | Found a sacrificial altar of Ru.
  4782 | D:5      | Reached XP level 8. HP: 62/63 MP: 8/8
  5167 | D:6      | Found a staircase to the Ecumenical Temple.
  5227 | D:6      | Reached skill level 6 in Fighting
  5356 | D:6      | Reached ** piety under Okawaru
  5588 | D:6      | HP: 2/64 [centaur (4)]
  5992 | D:6      | Found Qashruthro's Book Emporium.
  6102 | D:6      | Found an opulent altar of Gozag.
  6331 | D:7      | Got a slimy plate armour
  6935 | D:7      | Identified the +3 plate armour of Refuge {rC+} (You found it on level 7 of the Dungeon)
  7006 | D:8      | Reached skill level 7 in Fighting
  7006 | D:8      | Reached XP level 9. HP: 72/72 MP: 9/9
  7091 | D:8      | Reached *** piety under Okawaru
  7091 | D:8      | Reached skill level 1 in Invocations
  7106 | D:8      | Received a gift from Okawaru
  7298 | D:8      | Noticed a two-headed ogre
  7379 | D:7      | You fall through a shaft!
  7609 | D:7      | Reached skill level 5 in Invocations
  8082 | D:8      | Noticed a two-headed ogre
  8830 | D:8      | Killed a two-headed ogre
  8830 | D:8      | Reached **** piety under Okawaru
  8830 | D:8      | Reached XP level 10. HP: 73/79 MP: 13/15
  8944 | D:8      | Killed a two-headed ogre
  9089 | D:9      | Noticed Harold
  9107 | D:9      | Killed Harold
  9107 | D:9      | Reached ***** piety under Okawaru
  9107 | D:9      | Reached skill level 8 in Fighting
  9190 | D:9      | Reached skill level 10 in Slings
  9863 | D:9      | Found a staircase to the Lair.
  9979 | D:10     | Entered Level 10 of the Dungeon
 10270 | D:10     | Found Gilughoxt's Demolitions Depot.
 10306 | D:10     | Received a gift from Okawaru
 10308 | D:10     | Got a smoking hunting sling {god gift}
 10309 | D:10     | Identified the +1 hunting sling "Unwiar" {freeze, rN+ Dex+4} (Okawaru gifted it to you on level 10 of the Dungeon)
 10379 | D:10     | Reached XP level 11. HP: 21/87 MP: 10/17
 11530 | D:11     | Reached skill level 9 in Fighting
 11764 | D:11     | Found a portal to a secret trove of treasure.
 12302 | D:11     | Found a staircase to the Orcish Mines.
 12426 | D:11     | Noticed a white ugly thing
 12756 | D:11     | Received a gift from Okawaru
 12816 | D:11     | Killed a white ugly thing
 13501 | D:4      | Bought 3 scrolls of blinking for 225 gold pieces
 13630 | D:11     | You paid a toll of 4 scrolls of blinking to enter a treasure trove
 13631 | Trove    | Entered a treasure trove
 13694 | Trove    | Got an encrusted plate armour
 13706 | Trove    | Identified the +10 plate armour "Orhesul" {rC+} (You found it in a treasure trove)
 13784 | Trove    | Got a crude morningstar
 13785 | Trove    | Identified the cursed +2 morningstar of the Whale {crush, Int+4 Dex+4 SInv} (You found it in a treasure trove)
 13794 | Trove    | Got a faintly glowing dagger
 13798 | Trove    | Identified the +1 dagger "Iwamiv" {venom, rF- MR+ Int+4} (You found it in a treasure trove)
 14149 | D:12     | Noticed a two-headed ogre
 14160 | D:12     | Killed a two-headed ogre
 14160 | D:12     | Received a gift from Okawaru
 14204 | D:12     | Received a gift from Okawaru
 14213 | D:12     | Noticed Kirke
 14229 | D:12     | Noticed a harpy
 14229 | D:12     | Noticed a harpy
 14230 | D:12     | Killed Kirke
 14230 | D:12     | Received a gift from Okawaru
 14230 | D:12     | Reached skill level 10 in Fighting
 14342 | D:12     | Received a gift from Okawaru
 14364 | D:12     | Reached XP level 12. HP: 92/98 MP: 18/18
 14415 | D:12     | Noticed a seven-headed hydra
 14427 | D:12     | Killed a seven-headed hydra
 14526 | D:12     | Reached ****** piety under Okawaru
 15033 | D:12     | Noticed a tengu warrior
 15053 | D:12     | Killed a tengu warrior
 15088 | D:12     | Received a gift from Okawaru
 15335 | D:12     | Learned a level 2 spell: Passwall
 15411 | D:13     | Reached skill level 11 in Fighting
 16444 | D:14     | Received a gift from Okawaru
 16533 | D:14     | Received a gift from Okawaru
 16578 | D:14     | Noticed a centaur warrior
 16590 | D:14     | Killed a centaur warrior
 16590 | D:14     | Received a gift from Okawaru
 16590 | D:14     | Gained mutation: You are in touch with the powers of death. [Mummy growth]
 16590 | D:14     | Reached XP level 13. HP: 29/107 MP: 3/19
 16835 | D:14     | Found a gate to the Vaults.
 16872 | D:14     | Reached skill level 1 in Armour
 16872 | D:14     | Reached skill level 1 in Shields
 16938 | D:14     | Reached skill level 12 in Fighting
 17154 | D:14     | Received a gift from Okawaru
 17178 | D:14     | Received a gift from Okawaru
 17716 | D:15     | Entered Level 15 of the Dungeon
 17732 | D:15     | Found a staircase to the Depths.
 18037 | D:15     | Found a frozen archway.
 18054 | IceCv    | Entered an ice cave
 18436 | D:15     | Received a gift from Okawaru
 18443 | D:15     | Reached skill level 5 in Armour
 18443 | D:15     | Reached skill level 5 in Dodging
 18443 | D:15     | Reached skill level 5 in Shields
 18921 | Orc:1    | Entered Level 1 of the Orcish Mines
 18921 | Orc:1    | Noticed an ettin
 18931 | Orc:1    | Killed an ettin
 18931 | Orc:1    | Received a gift from Okawaru
 19043 | Orc:2    | Entered Level 2 of the Orcish Mines
 19123 | Orc:2    | Reached XP level 14. HP: 69/115 MP: 12/20
 19272 | Orc:2    | Reached skill level 1 in Long Blades
 19288 | Orc:2    | Received a gift from Okawaru
 19308 | Orc:2    | Found Pashrusu's Food Boutique.
 19323 | Orc:2    | Found Niholywn's Magic Scroll Shop.
 19446 | Orc:2    | Received a gift from Okawaru
 19697 | Orc:2    | Received a gift from Okawaru
 19925 | Orc:2    | Bought a scroll of blinking for 127 gold pieces
 19925 | Orc:2    | Bought a scroll of magic mapping for 59 gold pieces
 19925 | Orc:2    | Bought a scroll of teleportation for 51 gold pieces
 19925 | Orc:2    | Bought a scroll of fear for 59 gold pieces
 20110 | Orc:2    | Found Eguudiq's Antique Weapon Emporium.
 20110 | Orc:2    | Found a one-way gate leading to the halls of Pandemonium.
 20110 | Orc:2    | Found Gaduer's Gadget Shoppe.
 20225 | Orc:2    | Noticed a stone giant
 20240 | Orc:2    | Killed a stone giant
 20282 | Orc:2    | Found a staircase to the Elven Halls.
 20543 | Orc:2    | Found Qaluc's Magic Scroll Boutique.
 20552 | Orc:2    | Bought a scroll of enchant weapon for 135 gold pieces
 20631 | Elf:1    | Entered Level 1 of the Elven Halls
 20661 | Elf:1    | Noticed Donald
 20785 | Lair:1   | Entered Level 1 of the Lair of Beasts
 20858 | Lair:1   | Found a labyrinth entrance.
 20897 | Lab      | Entered a labyrinth
 21019 | Lab      | Got a crude rapier {vamp}
 21050 | Lair:1   | Identified the +4 rapier "Ojilatt" {vamp, *Drain rPois rC+ MP+9} (You took it off a minotaur in a labyrinth)
 22781 | Lair:3   | Found a dark tunnel.
 22795 | Volcano  | Entered a volcano
 22814 | Volcano  | Received a gift from Okawaru
 23148 | Volcano  | Received a gift from Okawaru
 23555 | Lair:3   | Reached XP level 15. HP: 120/120 MP: 21/21
 24163 | Lair:2   | Noticed Fannar
 24172 | Lair:2   | Killed Fannar
 24207 | Lair:2   | Reached skill level 5 in Long Blades
 24811 | Lair:4   | Found a staircase to the Shoals.
 24891 | Lair:4   | Found a staircase to the Snake Pit.
 24907 | Lair:4   | Received a gift from Okawaru
 25541 | Lair:5   | Received a gift from Okawaru
 25572 | Lair:5   | Noticed Rupert
 26795 | Lair:6   | Entered Level 6 of the Lair of Beasts
 26810 | Lair:6   | Received a gift from Okawaru
 26828 | Lair:6   | Got a jewelled hunting sling {god gift}
 26829 | Lair:6   | Identified the +3 hunting sling of Pupsyl {freeze, rPois SInv} (Okawaru gifted it to you on level 6 of the Lair of Beasts)
 27026 | Lair:6   | Noticed Sonja
 27029 | Lair:6   | Killed Sonja
 27780 | Lair:6   | Received a gift from Okawaru
 27790 | Lair:6   | Found a staircase to the Slime Pits.
 28144 | Snake:1  | Entered Level 1 of the Snake Pit
 28303 | Snake:1  | Received a gift from Okawaru
 28458 | Snake:1  | Reached XP level 16. HP: 115/127 MP: 19/22
 28523 | Snake:1  | Received a gift from Okawaru
 28950 | Snake:1  | Received a gift from Okawaru
 29040 | Snake:1  | Identified a scroll of acquirement {!r}
 29054 | Snake:1  | Got a sparkling ivory ring
 29056 | Snake:1  | Identified the ring of Asyaz {rElec rF+ MR+ Str+3} (You acquired it on level 1 of the Snake Pit)
 29317 | Snake:2  | Got a glittering copper ring
 29319 | Snake:2  | Identified the ring of the Chupacabra {rCorr -Tele *Slow rF+++ MR+++} (You acquired it on level 2 of the Snake Pit)
 29585 | Snake:3  | Received a gift from Okawaru
 29603 | Snake:3  | Got an encrusted falchion {god gift}
 29612 | Snake:3  | Identified the +4 falchion of the World {flame, Dex+2} (Okawaru gifted it to you on level 3 of the Snake Pit)
 30361 | Snake:3  | Received a gift from Okawaru
 30447 | Snake:3  | Received a gift from Okawaru
 30779 | Snake:4  | Entered Level 4 of the Snake Pit
 30807 | Snake:4  | Received a gift from Okawaru
 30814 | Snake:4  | Reached skill level 10 in Shields
 30817 | Snake:4  | Reached skill level 10 in Armour
 30832 | Snake:4  | Got a jewelled demon blade {god gift}
 30833 | Snake:4  | Identified the +11 demon blade "Yppa" {venom, rC+ SInv} (Okawaru gifted it to you on level 4 of the Snake Pit)
 30849 | Snake:4  | Reached skill level 10 in Dodging
 31091 | Snake:4  | Reached XP level 17. HP: 133/133 MP: 23/23
 31333 | Snake:4  | Received a gift from Okawaru
 31388 | Snake:4  | Reached skill level 10 in Long Blades
 31472 | Snake:4  | Got a pitted long sword {god gift}
 31473 | Snake:4  | Identified the +5 long sword of Prudence {venom, rF+} (Okawaru gifted it to you on level 4 of the Snake Pit)
 31650 | Snake:4  | Received a gift from Okawaru
 31890 | Snake:4  | Received a gift from Okawaru
 31929 | Snake:4  | Received a gift from Okawaru
 31946 | Snake:4  | Received a gift from Okawaru
 32043 | Snake:4  | Received a gift from Okawaru
 32070 | Snake:4  | Received a gift from Okawaru
 32201 | Snake:4  | Got a serpentine rune of Zot
 32642 | Shoals:1 | Entered Level 1 of the Shoals
 32852 | Shoals:1 | Found a large runed door.
 32852 | Shoals:1 | Found a large runed door.
 32854 | Shoals:1 | Noticed Seukawalui's ghost (adept DEWz)
 32915 | Shoals:1 | Received a gift from Okawaru
 32958 | Shoals:1 | Killed Seukawalui's ghost
 33016 | Shoals:1 | Noticed Roxanne
 33035 | Shoals:1 | Killed Roxanne
 33277 | Shoals:1 | Received a gift from Okawaru
 33405 | Shoals:1 | Reached XP level 18. HP: 128/140 MP: 20/24
 33495 | Shoals:2 | Found Keosediu's Weapon Shoppe.
 33534 | Shoals:2 | Found a flickering gateway to a bazaar.
 33556 | Bazaar   | Entered a bazaar
 33558 | Bazaar   | Found Xoelar's General Store.
 33562 | Bazaar   | Bought a scroll of magic mapping for 31 gold pieces
 33562 | Bazaar   | Bought 15 stones for 13 gold pieces
 33562 | Bazaar   | Bought 18 stones for 16 gold pieces
 33562 | Bazaar   | Found Ybunaf's Food Boutique.
 33562 | Bazaar   | Found Copros's Book Boutique.
 33563 | Bazaar   | Found Gubiokhlaniu's Antique Weapon Boutique.
 33769 | Shoals:2 | Received a gift from Okawaru
 33823 | Shoals:2 | Found Yseclimn's Distillery.
 34090 | Shoals:2 | Found Zelozaydi's Assorted Antiques.
 34094 | Shoals:2 | Found Gulestr Bemn's Assorted Antiques.
 34125 | Shoals:2 | Bought a scroll of enchant weapon for 277 gold pieces
 34233 | Shoals:2 | Found a bloodstained altar of Trog.
 34277 | Shoals:2 | Received a gift from Okawaru
 34563 | Shoals:3 | Reached skill level 1 in Evocations
 34846 | Shoals:3 | Got a twisted fustibalus
 35063 | Shoals:3 | Received a gift from Okawaru
 35429 | Shoals:3 | Noticed Ilsuiw
 35488 | Shoals:3 | Killed Ilsuiw
 35625 | Shoals:4 | Entered Level 4 of the Shoals
 35957 | Shoals:4 | Cast into level 3 of the Abyss (merfolk javelineer)
 36040 | Abyss:3  | Received a gift from Okawaru
 36108 | Abyss:3  | Found a snail-covered altar of Cheibriados.
 36109 | Abyss:3  | Got an abyssal rune of Zot
 36236 | Shoals:4 | Escaped the Abyss
 36263 | Shoals:4 | Cast into level 3 of the Abyss (merfolk javelineer)
 36319 | Abyss:3  | Found a corrupted altar of Lugonu.
 36534 | Abyss:3  | Found a corrupted altar of Lugonu.
 36602 | Abyss:3  | Found a corrupted altar of Lugonu.
 36717 | Abyss:4  | Noticed a hellephant
 36736 | Abyss:4  | Killed a hellephant
 36837 | Abyss:4  | Reached XP level 19. HP: 84/148 MP: 14/25
 36857 | Shoals:4 | Escaped the Abyss
 36871 | Shoals:4 | Identified the +4 fustibalus "Itsinge" {velocity, rF+ rN+ Str+2} (You found it on level 3 of the Shoals)
 37152 | Shoals:4 | Got a barnacled rune of Zot
 37406 | Shoals:4 | Reached skill level 13 in Fighting
 37410 | Shoals:4 | Noticed Polyphemus
 37440 | Shoals:4 | Killed Polyphemus
 37656 | Shoals:4 | Received a gift from Okawaru
 37800 | Shoals:4 | Identified the Volume of Scorching Necromancy
 38476 | Depths:1 | Entered Level 1 of the Depths
 38488 | Depths:1 | Noticed Asterion
 38493 | Depths:1 | Found Bettaseapi's Weapon Shoppe.
 38493 | Depths:1 | Found Tiuvve's Weapon Emporium.
 38520 | Depths:1 | Identified the amulet "Moqeipp" {Faith rN+ Str+4 Int+3} (You acquired it on level 1 of the Depths)
 38521 | Depths:1 | Identified the amulet "Weaci" {Reflect Int+3 SH+3} (You acquired it on level 1 of the Depths)
 38588 | Depths:1 | Reached skill level 5 in Evocations
 38911 | Depths:1 | Paralysed by a floating eye for 3 turns
 38935 | Depths:1 | Found a gateway to a ziggurat.
 39008 | Depths:1 | Received a gift from Okawaru
 39098 | Depths:1 | Got a pitted long sword {god gift}
 39156 | Depths:1 | Killed Asterion
 39213 | Depths:1 | Found a runed door.
 39332 | Depths:1 | Found Divoxol's General Store.
 39611 | Depths:1 | Found a gateway to Hell.
 40243 | Depths:1 | Got an ancient platinum ring
 40245 | Depths:1 | Identified the ring "Faorgh" {Ice rElec Dex+2} (You acquired it on level 1 of the Depths)
 40481 | Depths:2 | Received a gift from Okawaru
 40486 | Depths:2 | Noticed a lich
 40498 | Depths:2 | Killed a lich
 40498 | Depths:2 | Reached XP level 20. HP: 143/158 MP: 24/26
 40824 | Depths:1 | Received a gift from Okawaru
 41410 | Depths:2 | Reached skill level 14 in Fighting
 41543 | Depths:2 | Found a corrupted altar of Lugonu.
 41543 | Depths:2 | Found a one-way gate to the infinite horrors of the Abyss.
 41563 | Depths:2 | Noticed a golden dragon
 41608 | Depths:2 | Killed a golden dragon
 41679 | Depths:2 | Received a gift from Okawaru
 43145 | Depths:3 | Identified the +5 long sword "Loeduyr" {slice, Int+2} (Okawaru gifted it to you on level 1 of the Depths)
 43325 | Depths:4 | Noticed Sojobo
 43498 | Depths:3 | Killed Sojobo
 43622 | Depths:4 | Received a gift from Okawaru
 43643 | Depths:4 | Got a twisted hat {god gift}
 43713 | Depths:4 | Identified the +0 hat of a bailey {rCorr} (Okawaru gifted it to you on level 4 of the Depths)
 43722 | Depths:4 | Reached XP level 21. HP: 126/166 MP: 24/27
 44136 | Depths:5 | Entered Level 5 of the Depths
 44328 | Depths:5 | Noticed a golden dragon
 44457 | Depths:4 | Killed a golden dragon
 44725 | Depths:4 | Noticed the Enchantress
 44747 | Depths:4 | Killed the Enchantress
 44747 | Depths:4 | Reached skill level 15 in Fighting
 44817 | Depths:4 | Got faerie dragon scales
 44836 | Depths:4 | Identified the +4 faerie dragon scales {rF+ rN+ rCorr Str+2} (You took it off the Enchantress on level 4 of the Depths)
 45305 | Depths:4 | Received a gift from Okawaru
 45444 | Depths:4 | Noticed Jory
 45476 | Depths:4 | Killed Jory
 45516 | Depths:4 | Got a spiked leather armour
 45521 | Depths:4 | Got a spiked leather armour
 45532 | Depths:4 | Identified the +2 leather armour "Yvanu" {MR+} (You found it on level 4 of the Depths)
 45542 | Depths:4 | Identified the +2 leather armour of the Hippo {rPois rC+ Regen+} (You found it on level 4 of the Depths)
 45663 | Depths:4 | Identified the Collected Works on Helpful Contamination
 46356 | Depths:5 | Received a gift from Okawaru
 47280 | Depths:5 | Noticed a golden dragon
 47301 | Depths:5 | Killed a golden dragon
 47374 | Depths:5 | Found Nis Dips's General Store.
 47382 | Depths:5 | Received a gift from Okawaru
 47391 | Depths:5 | Got a scorched triple sword {god gift}
 47645 | Depths:5 | Found Xewooneff's Magic Scroll Emporium.
 47645 | Depths:5 | Found Reanapn's Distillery.
 47652 | Depths:5 | Bought a scroll of enchant armour for 105 gold pieces
 47652 | Depths:5 | Bought a scroll of enchant armour for 105 gold pieces
 47652 | Depths:5 | Bought a scroll of magic mapping for 49 gold pieces
 47709 | Depths:5 | Found Dopoydir's General Store.
 47713 | Depths:5 | Bought a scroll of torment for 157 gold pieces
 47860 | Depths:5 | Reached XP level 22. HP: 109/177 MP: 22/28
 48023 | Depths:5 | Noticed a juggernaut
 48048 | Depths:5 | Killed a juggernaut
 48258 | Depths:5 | Found a gate to the Realm of Zot.
 48283 | Depths:5 | Reached skill level 16 in Fighting
 48522 | Depths:5 | Received a gift from Okawaru
 48916 | Zot:1    | Entered Level 1 of the Realm of Zot
 48936 | Zot:1    | Noticed an orb of fire
 48958 | Zot:1    | Killed an orb of fire
 49368 | Shoals:2 | Bought a scroll of brand weapon for 740 gold pieces
 50543 | Zot:3    | Received a gift from Okawaru
 50544 | Zot:3    | Got a distressingly furry hat {god gift}
 50570 | Zot:3    | Got a pair of brightly glowing boots
 50588 | Zot:3    | Identified the +2 pair of boots of the Guilds {rPois Int+7} (You found it on level 3 of the Realm of Zot)
 50609 | Zot:3    | Learned a level 1 spell: Apportation
 50613 | Zot:3    | Learned a level 3 spell: Spectral Weapon
 50794 | Zot:3    | Reached skill level 1 in Spellcasting
 50819 | Zot:3    | Noticed a golden dragon
 50844 | Zot:3    | Killed a golden dragon
 50844 | Zot:3    | Reached skill level 1 in Hexes
 50844 | Zot:3    | Reached skill level 1 in Charms
 51081 | Zot:3    | Identified the +0 hat of Optimism {Str+4 Int-4} (Okawaru gifted it to you on level 3 of the Realm of Zot)
 51441 | Zot:4    | Reached XP level 23. HP: 185/186 MP: 25/29
 52094 | Zot:1    | Received a gift from Okawaru
 52156 | Zot:2    | Reached skill level 17 in Fighting
 52179 | Zot:2    | Received a gift from Okawaru
 52573 | Zot:5    | Entered Level 5 of the Realm of Zot
 53716 | Zot:4    | Received a gift from Okawaru
 53888 | Zot:4    | Received a gift from Okawaru
 53889 | Zot:4    | Found the +0 pair of fencer's gloves {+Riposte Dex+3}
 54089 | Zot:4    | Reached skill level 15 in Armour
 54099 | Zot:4    | Reached skill level 15 in Dodging
 54109 | Zot:4    | Reached skill level 15 in Shields
 54456 | Zot:4    | Got a coiled amethyst amulet
 54456 | Zot:4    | Got a steaming silver amulet
 54457 | Zot:4    | Identified the amulet "Zoli" {Harm *Drain rN+} (You acquired it on level 4 of the Realm of Zot)
 54459 | Zot:4    | Identified the amulet of Elumoech {rPois Regen+ Str+2} (You acquired it on level 4 of the Realm of Zot)
 54639 | Zot:4    | Noticed an orb of fire
 54674 | Zot:4    | Reached XP level 24. HP: 31/197 MP: 1/29
 54681 | Zot:4    | HP: 3/197 [orb of fire/fireball (10)]
 54688 | Zot:4    | Killed from afar by an orb of fire

Vault maps used:
D:1:      dpeg_arrival_subterranean_lakeside_camping
D:2:      uniq_jessica
D:3:      overflow_temple_1_default, lemuel_doored_altar
D:4:      gammafunk_temple_overflow_elements, nicolae_gozag_seed_capital,
          serial_shops, nicolae_shop_temple_entry_statues_fountains,
          nicolae_shop_waterfront
D:5:      ashenzari_conservatory_becter, basic_altar, first_ration,
          serial_shops, nicolae_shop_trees
D:6:      minmay_temple_entry_nine_rooms, basic_altar, serial_shops,
          kennysheep_mini_moat
D:8:      mumra_celtic_spiral_tile
D:9:      david_lair_shrubbed, uniq_harold
D:10:     nicolae_blasting_shop
D:11:     david_orc_3, nicolae_trove_entry_free_sample, david_nohive_1
D:12:     wad_arrow_thing, uniq_kirke
D:13:     kennysheep_generic_room_5
D:14:     erik_vaults_1, bh_walls_and_bars
D:15:     gammafunk_depths_entry_grave, portal_ice_cave_rime,
          minmay_misc_feat_x, kennysheep_pointless_box, grunt_ministairs_8
Lair:1:   lab_entry_generic, serial_forest, infiniplex_forest_lined_room_3,
          infiniplex_forest_straight_1, infiniplex_forest_clump_medium,
          infiniplex_forest_end_2, infiniplex_forest_clump_C,
          infiniplex_forest_zigzag_1, infiniplex_forest_end_2,
          infiniplex_forest_corner_1, grunt_forest_small_clearing_treed
Lair:2:   eino_small_chamber_without_monster, st_stairs_13, bh_chokoban,
          grunt_megastairs_3, uniq_fannar
Lair:3:   nicolae_volcano_entry_batcave, roderic_carrion_pond
Lair:4:   minmay_shoals_entry_beasts, minmay_snake_entry_guardpost_medium
Lair:5:   special_room, grunt_megastairs_4, serial_bayou_shore_a, uniq_rupert
Lair:6:   evilmike_catoblepas_cave, slime_dummy, uniq_sonja
Shoals:1: ebering_ghost_disaster_area, nicolae_shoals_aquamancer_cove,
          uniq_roxanne
Shoals:2: serial_shops, freezing_bzr,
          nicolae_shop_temple_entry_statues_fountains, nicolae_shop_waterfront,
          shop, shop, wheals_shoals_ruined_temple
Shoals:3: cheibrodos_shoals_epimethial_gifts, uniq_ilsuiw
Shoals:4: shoals_end_grunt_ice, uniq_polyphemus
Snake:2:  grunt_ministairs_3
Snake:4:  grunt_snake_rune_serpentine_throne, grunt_ministairs_14, st_stairs_10,
          lemuel_fruit_tree
Orc:2:    pf_orc_diabolical, serial_shops, shop, statue_in_the_mist_lemuel
Elf:1:    eino_elf_arrival_sip, minmay_elf_annihilation, uniq_donald
Depths:1: enter_ziggurat_d, hangedman_coc_ice_floe, serial_shops, shop,
          minmay_crystal_box, minmay_shoptagon, grunt_megastairs_2,
          uniq_asterion
Depths:2: kennysheep_room_grid, abyss_entry_flame_altar,
          corexii_leaking_fountain, hell_entry
Depths:3: lemuel_river_lethe, hell_entry, pan_entry, abyss_entry
Depths:4: due_jory_tower, hex_medium, pf_hell_entry_tar_spiral,
          abyss_entry_crystal, rand_demon_pan_entry_4, firewood_loft,
          infiniplex_staircase_squiggle, uniq_enchantress, uniq_sojobo
Depths:5: grunt_zot_entry_bicorn, minmay_misc_feat_five, lightli_too_deep,
          abyss_entry, serial_shops, shop, shop_fountains,
          nicolae_shop_waterfront, shop
Zot:1:    st_stairs_10, grunt_megastairs_1
Zot:4:    kennysheep_blocky_hall, guppyfry_library_mini
Zot:5:    grunt_ministairs_1, hangedman_zot_decor_slant, basic_stair_grate_trap
Abyss:3:  grunt_abyss_rune_wretched_hive, due_exit_kobolds,
          hangedman_abyss_exit_choices, hangedman_abyss_mock_shop
Abyss:4:  minivault_27, guppyfry_abyss_exit_glass_guarded
Lab:      labyrinth_watery, nicolae_lab_lava, labyrinth_skeletal_remains,
          lab_fountain
Bazaar:   bazaar_minmay_cross
Trove:    trove_dig
IceCv:    ice_cave_statue_garden_chambered
Volcano:  volcano_aerie

Skill      XL: |  1  2  3  4  5  6  7  8  9 10 11 12 13 14 15 16 17 18 19 20 21 22 23 |
---------------+----------------------------------------------------------------------+-----
Slings         | 4 5 6 7 8 9 10 12 14 | 14.0
Fighting       | 3 4 5 7 8 10 11 12 13 14 15 16 17 | 17.7
Invocations    | 7 8 |  8.0
Armour         | 5 7 8 10 11 12 13 14 15 | 15.1
Shields        | 5 7 8 10 11 12 13 14 15 | 15.0
Dodging        | 5 7 8 10 11 12 13 14 15 | 15.1
Long Blades    | 4 6 9 13 14 | 14.0
Evocations     | 3 6 8 |  8.0
Spellcasting   | 2 3 |  3.0
Hexes          | 2 3 |  3.0
Charms         | 1 3 |  3.0
Stealth        | |  0.7

Action                   |  1- 3 |  4- 6 |  7- 9 | 10-12 | 13-15 | 16-18 | 19-21 | 22-24 || total
-------------------------+-------+-------+-------+-------+-------+-------+-------+-------++-------
Melee: Hunting sling     |       |       |     1 |       |       |       |       |       ||     1
       Scimitar          |       |       |       |       |    21 |       |       |       ||    21
       Demon blade       |       |       |       |       |       |   163 |   696 |  1229 ||  2088
 Fire: Hunting sling     |   104 |   316 |   655 |   660 |       |       |       |       ||  1735
       Fustibalus        |       |       |       |   479 |  1622 |  1924 |  1590 |   163 ||  5778
Throw: Throwing net      |       |       |     1 |       |       |       |       |       ||     1
 Cast: Spectral Weapon   |       |       |       |       |       |       |       |     3 ||     3
Invok: Heroism           |       |       |     7 |    12 |     5 |     4 |     7 |    11 ||    46
       Finesse           |       |       |       |     5 |     4 |     7 |     9 |    11 ||    36
 Abil: Evoke Flight      |       |       |       |       |     1 |     1 |     1 |       ||     3
Evoke: Wand              |       |     2 |       |    25 |     5 |       |     3 |     2 ||    37
  Use: Scroll            |       |       |       |    16 |    12 |     8 |    11 |    22 ||    69
 Stab: Distracted        |       |       |       |       |       |       |     1 |       ||     1
Armor: Leather armour    |    19 |    22 |       |       |       |       |       |       ||    41
       Chain mail        |       |    22 |    81 |       |       |       |       |       ||   103
       Plate armour      |       |       |   134 |   268 |   243 |   379 |   273 |       ||  1297
       Acid dragon scale |       |       |       |       |       |       |    83 |   199 ||   282
       Gold dragon scale |       |       |       |       |       |       |       |     9 ||     9
Dodge: Dodged            |    36 |    82 |    70 |   150 |   281 |   593 |   760 |   722 ||  2694
       Deflected         |       |       |       |    15 |    11 |    73 |    49 |    30 ||   178
Block: Buckler           |       |       |    41 |    72 |    98 |       |       |       ||   211
       Shield            |       |       |       |       |    41 |   838 |   950 |   710 ||  2539
       Rpst.: Demon blade |       |       |       |       |       |    21 |    51 |   121 ||   193

Table legend:
 A = Spawn XP
 B = Non-spawn XP
 C = Spawn XP percentage of total XP
 D = Spawn monster count
 E = Non-spawn monster count
 F = Spawn count percentage of total count
 G = Total turns spent on level
                    A         B        C        D         E        F      G
               +---------+---------+-------+---------+---------+-------+---------
         Total |   15022 |  974074 |   1.5 |      34 |    1739 |   1.9 | 54688
               +---------+---------+-------+---------+---------+-------+---------
           D:1 |       0 |      41 |   0.0 |       0 |      26 |   0.0 |   842
           D:2 |       0 |     135 |   0.0 |       0 |      36 |   0.0 |   915
           D:3 |       0 |     174 |   0.0 |       0 |      39 |   0.0 |  1252
           D:4 |       0 |     202 |   0.0 |       0 |      15 |   0.0 |   990
           D:5 |       0 |     884 |   0.0 |       0 |      28 |   0.0 |  1051
           D:6 |       0 |     745 |   0.0 |       0 |      16 |   0.0 |  1272
           D:7 |       0 |     774 |   0.0 |       0 |      26 |   0.0 |  1254
           D:8 |       0 |    4273 |   0.0 |       0 |      37 |   0.0 |  1778
           D:9 |       0 |    2528 |   0.0 |       0 |      23 |   0.0 |  1289
          D:10 |       0 |    2738 |   0.0 |       0 |      33 |   0.0 |  1787
          D:11 |       0 |    3677 |   0.0 |       0 |      44 |   0.0 |  1645
          D:12 |       0 |   11324 |   0.0 |       0 |      65 |   0.0 |  1534
          D:13 |       0 |    6203 |   0.0 |       0 |      28 |   0.0 |  1067
          D:14 |       0 |   12136 |   0.0 |       0 |      43 |   0.0 |  1582
          D:15 |       0 |   13923 |   0.0 |       0 |      27 |   0.0 |   872
        Lair:1 |       0 |    4973 |   0.0 |       0 |      23 |   0.0 |  1005
        Lair:2 |       0 |    4237 |   0.0 |       0 |      16 |   0.0 |  1014
        Lair:3 |       0 |    5940 |   0.0 |       0 |      27 |   0.0 |  1158
        Lair:4 |       0 |    9305 |   0.0 |       0 |      47 |   0.0 |  1051
        Lair:5 |       0 |    9171 |   0.0 |       0 |      51 |   0.0 |  1424
        Lair:6 |       0 |   19492 |   0.0 |       0 |      36 |   0.0 |  1289
      Shoals:1 |       0 |   18220 |   0.0 |       0 |      33 |   0.0 |   865
      Shoals:2 |       0 |   20212 |   0.0 |       0 |      36 |   0.0 |  1087
      Shoals:3 |       0 |   27274 |   0.0 |       0 |      44 |   0.0 |  1295
      Shoals:4 |     289 |   40439 |   0.7 |       1 |      67 |   1.5 |  1541
       Snake:1 |       0 |   19116 |   0.0 |       0 |      39 |   0.0 |   967
       Snake:2 |       0 |    9500 |   0.0 |       0 |      15 |   0.0 |   487
       Snake:3 |       0 |   28679 |   0.0 |       0 |      54 |   0.0 |  1251
       Snake:4 |       0 |   70256 |   0.0 |       0 |     105 |   0.0 |  1754
         Orc:1 |       0 |    1265 |   0.0 |       0 |       6 |   0.0 |   144
         Orc:2 |       0 |   20671 |   0.0 |       0 |      77 |   0.0 |  1619
         Elf:1 |       0 |    1127 |   0.0 |       0 |       2 |   0.0 |    43
      Depths:1 |       0 |   60756 |   0.0 |       0 |      76 |   0.0 |  2970
      Depths:2 |       0 |   51504 |   0.0 |       0 |      63 |   0.0 |  1217
      Depths:3 |       0 |   42690 |   0.0 |       0 |      61 |   0.0 |   920
      Depths:4 |       0 |  111079 |   0.0 |       0 |     120 |   0.0 |  3768
      Depths:5 |       0 |   58845 |   0.0 |       0 |      43 |   0.0 |  1748
         Zot:1 |       0 |   47633 |   0.0 |       0 |      28 |   0.0 |   782
         Zot:2 |       0 |   39617 |   0.0 |       0 |      21 |   0.0 |   603
         Zot:3 |       0 |   28417 |   0.0 |       0 |      18 |   0.0 |   878
         Zot:4 |       0 |   91287 |   0.0 |       0 |      61 |   0.0 |  1686
         Zot:5 |       0 |   44789 |   0.0 |       0 |      25 |   0.0 |  1078
       Abyss:3 |   11373 |    9728 |  53.9 |      27 |      20 |  57.4 |   645
       Abyss:4 |    3360 |    8793 |  27.6 |       6 |      11 |  35.3 |   228
           Lab |       0 |    1300 |   0.0 |       0 |       1 |   0.0 |   146
         IceCv |       0 |    3243 |   0.0 |       0 |      11 |   0.0 |   172
       Volcano |       0 |    4759 |   0.0 |       0 |      16 |   0.0 |   459
               +---------+---------+-------+---------+---------+-------+---------
